%YAML 1.1
%TAG !u! tag:unity3d.com,2011:
--- !u!1 &7676070456307520359
GameObject:
  m_ObjectHideFlags: 0
  m_CorrespondingSourceObject: {fileID: 0}
  m_PrefabInstance: {fileID: 0}
  m_PrefabAsset: {fileID: 0}
  serializedVersion: 6
  m_Component:
  - component: {fileID: 7676070456307520358}
  - component: {fileID: 7676070456307520353}
  - component: {fileID: 7676070456307520357}
  m_Layer: 0
  m_Name: Finish
  m_TagString: Untagged
  m_Icon: {fileID: 0}
  m_NavMeshLayer: 0
  m_StaticEditorFlags: 0
  m_IsActive: 1
--- !u!4 &7676070456307520358
Transform:
  m_ObjectHideFlags: 0
  m_CorrespondingSourceObject: {fileID: 0}
  m_PrefabInstance: {fileID: 0}
  m_PrefabAsset: {fileID: 0}
  m_GameObject: {fileID: 7676070456307520359}
  m_LocalRotation: {x: -0, y: -0, z: -0, w: 1}
  m_LocalPosition: {x: -702.9496, y: -325.81, z: 250.07}
  m_LocalScale: {x: 1, y: 1, z: 1}
  m_Children:
  - {fileID: 711780995915322028}
  m_Father: {fileID: 0}
  m_RootOrder: 0
  m_LocalEulerAnglesHint: {x: 0, y: 0, z: 0}
--- !u!54 &7676070456307520353
Rigidbody:
  m_ObjectHideFlags: 0
  m_CorrespondingSourceObject: {fileID: 0}
  m_PrefabInstance: {fileID: 0}
  m_PrefabAsset: {fileID: 0}
  m_GameObject: {fileID: 7676070456307520359}
  serializedVersion: 2
  m_Mass: 300
  m_Drag: 0
  m_AngularDrag: 0.05
  m_UseGravity: 1
  m_IsKinematic: 1
  m_Interpolate: 0
  m_Constraints: 0
  m_CollisionDetection: 0
--- !u!114 &7676070456307520357
MonoBehaviour:
  m_ObjectHideFlags: 0
  m_CorrespondingSourceObject: {fileID: 0}
  m_PrefabInstance: {fileID: 0}
  m_PrefabAsset: {fileID: 0}
  m_GameObject: {fileID: 7676070456307520359}
  m_Enabled: 1
  m_EditorHideFlags: 0
  m_Script: {fileID: 11500000, guid: 4422a68f6078f6a49aaa9149d628bd41, type: 3}
  m_Name: 
  m_EditorClassIdentifier: 
--- !u!1001 &1038775112630105415
PrefabInstance:
  m_ObjectHideFlags: 0
  serializedVersion: 2
  m_Modification:
    m_TransformParent: {fileID: 7676070456307520358}
    m_Modifications:
    - target: {fileID: -8679921383154817045, guid: 1d6a15601e32a2946b44451f42d214f5, type: 3}
      propertyPath: m_RootOrder
      value: 0
      objectReference: {fileID: 0}
    - target: {fileID: -8679921383154817045, guid: 1d6a15601e32a2946b44451f42d214f5, type: 3}
      propertyPath: m_LocalPosition.x
      value: -1.3
      objectReference: {fileID: 0}
    - target: {fileID: -8679921383154817045, guid: 1d6a15601e32a2946b44451f42d214f5, type: 3}
      propertyPath: m_LocalPosition.y
      value: -0.05
      objectReference: {fileID: 0}
    - target: {fileID: -8679921383154817045, guid: 1d6a15601e32a2946b44451f42d214f5, type: 3}
      propertyPath: m_LocalPosition.z
      value: 0
      objectReference: {fileID: 0}
    - target: {fileID: -8679921383154817045, guid: 1d6a15601e32a2946b44451f42d214f5, type: 3}
      propertyPath: m_LocalRotation.w
      value: 0.5
      objectReference: {fileID: 0}
    - target: {fileID: -8679921383154817045, guid: 1d6a15601e32a2946b44451f42d214f5, type: 3}
      propertyPath: m_LocalRotation.x
      value: 0.5
      objectReference: {fileID: 0}
    - target: {fileID: -8679921383154817045, guid: 1d6a15601e32a2946b44451f42d214f5, type: 3}
      propertyPath: m_LocalRotation.y
      value: 0.5
      objectReference: {fileID: 0}
    - target: {fileID: -8679921383154817045, guid: 1d6a15601e32a2946b44451f42d214f5, type: 3}
      propertyPath: m_LocalRotation.z
      value: -0.5
      objectReference: {fileID: 0}
    - target: {fileID: -8679921383154817045, guid: 1d6a15601e32a2946b44451f42d214f5, type: 3}
      propertyPath: m_LocalEulerAnglesHint.x
      value: 90
      objectReference: {fileID: 0}
    - target: {fileID: -8679921383154817045, guid: 1d6a15601e32a2946b44451f42d214f5, type: 3}
      propertyPath: m_LocalEulerAnglesHint.y
      value: 90
      objectReference: {fileID: 0}
    - target: {fileID: -8679921383154817045, guid: 1d6a15601e32a2946b44451f42d214f5, type: 3}
      propertyPath: m_LocalEulerAnglesHint.z
      value: 0
      objectReference: {fileID: 0}
    - target: {fileID: 919132149155446097, guid: 1d6a15601e32a2946b44451f42d214f5, type: 3}
      propertyPath: m_Name
      value: Portal
      objectReference: {fileID: 0}
    - target: {fileID: 919132149155446097, guid: 1d6a15601e32a2946b44451f42d214f5, type: 3}
      propertyPath: m_IsActive
      value: 1
      objectReference: {fileID: 0}
    - target: {fileID: 7423262298687030395, guid: 1d6a15601e32a2946b44451f42d214f5, type: 3}
      propertyPath: m_LocalRotation.w
      value: 0
      objectReference: {fileID: 0}
    - target: {fileID: 7423262298687030395, guid: 1d6a15601e32a2946b44451f42d214f5, type: 3}
      propertyPath: m_LocalRotation.x
      value: 0
      objectReference: {fileID: 0}
    - target: {fileID: 7423262298687030395, guid: 1d6a15601e32a2946b44451f42d214f5, type: 3}
      propertyPath: m_LocalRotation.y
      value: 1
      objectReference: {fileID: 0}
    - target: {fileID: 7423262298687030395, guid: 1d6a15601e32a2946b44451f42d214f5, type: 3}
      propertyPath: m_LocalRotation.z
      value: 0
      objectReference: {fileID: 0}
    - target: {fileID: 7423262298687030395, guid: 1d6a15601e32a2946b44451f42d214f5, type: 3}
      propertyPath: m_LocalEulerAnglesHint.y
      value: 180
      objectReference: {fileID: 0}
    m_RemovedComponents: []
  m_SourcePrefab: {fileID: 100100000, guid: 1d6a15601e32a2946b44451f42d214f5, type: 3}
--- !u!1 &192266822108071958 stripped
GameObject:
  m_CorrespondingSourceObject: {fileID: 919132149155446097, guid: 1d6a15601e32a2946b44451f42d214f5, type: 3}
  m_PrefabInstance: {fileID: 1038775112630105415}
  m_PrefabAsset: {fileID: 0}
--- !u!4 &711780995915322028 stripped
Transform:
  m_CorrespondingSourceObject: {fileID: -8679921383154817045, guid: 1d6a15601e32a2946b44451f42d214f5, type: 3}
  m_PrefabInstance: {fileID: 1038775112630105415}
  m_PrefabAsset: {fileID: 0}
--- !u!1 &5491499296476178169 stripped
GameObject:
  m_CorrespondingSourceObject: {fileID: -4440617446213135426, guid: 1d6a15601e32a2946b44451f42d214f5, type: 3}
  m_PrefabInstance: {fileID: 1038775112630105415}
  m_PrefabAsset: {fileID: 0}
--- !u!1 &2184583591758296706 stripped
GameObject:
  m_CorrespondingSourceObject: {fileID: 1169611291668710341, guid: 1d6a15601e32a2946b44451f42d214f5, type: 3}
  m_PrefabInstance: {fileID: 1038775112630105415}
  m_PrefabAsset: {fileID: 0}
--- !u!1 &1866142190801527419 stripped
GameObject:
  m_CorrespondingSourceObject: {fileID: 1697758212906637116, guid: 1d6a15601e32a2946b44451f42d214f5, type: 3}
  m_PrefabInstance: {fileID: 1038775112630105415}
  m_PrefabAsset: {fileID: 0}
--- !u!135 &2037576094320356528
SphereCollider:
  m_ObjectHideFlags: 0
  m_CorrespondingSourceObject: {fileID: 0}
  m_PrefabInstance: {fileID: 0}
  m_PrefabAsset: {fileID: 0}
  m_GameObject: {fileID: 192266822108071958}
  m_Material: {fileID: 0}
  m_IsTrigger: 1
  m_Enabled: 1
  serializedVersion: 2
  m_Radius: 1.25
  m_Center: {x: 0, y: 1.25, z: 0}
--- !u!114 &3243709956372168043
MonoBehaviour:
  m_ObjectHideFlags: 0
  m_CorrespondingSourceObject: {fileID: 0}
  m_PrefabInstance: {fileID: 0}
  m_PrefabAsset: {fileID: 0}
  m_GameObject: {fileID: 1866142190801527419}
  m_Enabled: 1
  m_EditorHideFlags: 0
  m_Script: {fileID: 11500000, guid: 5fea29bb7c508c244a1f805a5fd3fc4d, type: 3}
  m_Name: 
  m_EditorClassIdentifier: 
  outlineMode: 0
  outlineColor: {r: 1, g: 1, b: 1, a: 1}
  outlineWidth: 2
  precomputeOutline: 0
  bakeKeys: []
  bakeValues: []
--- !u!114 &5947639213048366043
MonoBehaviour:
  m_ObjectHideFlags: 0
  m_CorrespondingSourceObject: {fileID: 0}
  m_PrefabInstance: {fileID: 0}
  m_PrefabAsset: {fileID: 0}
  m_GameObject: {fileID: 2184583591758296706}
  m_Enabled: 1
  m_EditorHideFlags: 0
  m_Script: {fileID: 11500000, guid: 5fea29bb7c508c244a1f805a5fd3fc4d, type: 3}
  m_Name: 
  m_EditorClassIdentifier: 
  outlineMode: 0
  outlineColor: {r: 1, g: 1, b: 1, a: 1}
  outlineWidth: 2
  precomputeOutline: 0
  bakeKeys: []
  bakeValues: []
--- !u!114 &5429922161123081698
MonoBehaviour:
  m_ObjectHideFlags: 0
  m_CorrespondingSourceObject: {fileID: 0}
  m_PrefabInstance: {fileID: 0}
  m_PrefabAsset: {fileID: 0}
  m_GameObject: {fileID: 5491499296476178169}
  m_Enabled: 1
  m_EditorHideFlags: 0
  m_Script: {fileID: 11500000, guid: 5fea29bb7c508c244a1f805a5fd3fc4d, type: 3}
  m_Name: 
  m_EditorClassIdentifier: 
  outlineMode: 0
  outlineColor: {r: 1, g: 1, b: 1, a: 1}
  outlineWidth: 2
  precomputeOutline: 0
  bakeKeys: []
  bakeValues: []
